cohdb
Replays
Latest Replays
All Replays
Popular Replays
Top Player Replays
Match Explorer
How It Works
Community
CoH3 Stats
Reddit
Sign in to upload your games and track your stats! →
Sign in with Steam
Match 45257607
Unlisted
Match 45257607
Overview
Messages
Build Orders
End
Royal Engineer Section
Construct Section Command Post
Selects Canadian Shock Battlegroup
Dingo Light Scout Car
Infantry Section
Infantry Section
Infantry Section
Construct Field Infirmary
Construct Platoon Command Post
Selects Incendiary Munitions
6-pounder Anti-tank Gun Team
Infantry Training
Grenade Package
Infantry Section
Selects Pyrotechnics
Vickers Machine Gun Team
6-pounder Anti-tank Gun Team
Infantry Section
Infantry Section
Selects Churchill Crocodile Heavy Tank
Churchill Crocodile Heavy Tank
Selects Attacking Spirit
Selects Canadian Shock Section
Royal Engineer Section
Infantry Section
Makros
Lizenz
0
0
Comments
sign in to comment!
No comments posted yet!